 Dungeon Crawl Stone Soup version 0.20-a0-537-g052e6ba (webtiles) character file.

7326 Amnesiac the Severer (level 11, -2/103 (105) HPs)
             Began as a Hill Orc Gladiator on Jan 28, 2017.
             Was an Elder of Dithmenos.
             Slain by an orc warrior
             ... wielding a +0 scimitar
              (17 damage)
             ... on level 9 of the Dungeon.
             The game lasted 00:12:30 (7360 turns).

Amnesiac the Severer (Hill Orc Gladiator)           Turns: 7360, Time: 00:12:31

HP:   -2/103 (105)  AC: 12    Str: 18    XL:     11   Next: 13%
MP:   9/9           EV: 12    Int:  8    God:    Dithmenos [****..]
Gold: 495           SH:  0    Dex: 15    Spells: 10/10 levels left

rFire    + . .     SeeInvis .   a - +1 war axe
rCold    + . .     Gourm    .   g - +1 ring mail {rC+}
rNeg     . . .     Faith    .   (no shield)
rPois    +         Spirit   .   (helmet restricted)
rElec    .         Reflect  .   x - +0 cloak {rPois}
rCorr    .         Harm     .   (no gloves)
MR       .....                  b - +0 pair of boots (curse)
Stlth    +.........             L - amulet of regeneration
Regen    0.7/turn               (no ring)
                                (no ring)

@: wreathed by umbra
A: antennae 1, talons 1, iridescent scales 1, thin metallic scales 1, fire
resistance 1, low mp 1, mutation resistance 1, screaming 1
a: Shadow Step, Renounce Religion, Convert to Beogh


You were on level 9 of the Dungeon.
You worshipped Dithmenos.
Dithmenos was greatly pleased with you.
You were not hungry.

You visited 1 branch of the dungeon, and saw 9 of its levels.
You also visited: Ossuary.

You collected 495 gold pieces.

Inventory:

Hand Weapons
 a - a +1 war axe (weapon)
Armour
 b - a cursed +0 pair of boots (worn)
 c - a +0 helmet
 g - a +1 ring mail of cold resistance (worn)
 x - a +0 cloak of poison resistance (worn)
Jewellery
 L - an amulet of regeneration (around neck)
Wands
 K - a wand of confusion (28/48)
Scrolls
 e - a scroll of fear
 p - 4 scrolls of enchant weapon
 q - 2 scrolls of enchant armour {unknown}
 r - 3 scrolls of teleportation {unknown}
 s - 7 scrolls of remove curse {unknown}
 u - a scroll of noise {unknown}
 y - a scroll of recharging {unknown}
 B - 2 scrolls of amnesia {unknown}
 F - a scroll of magic mapping {unknown}
 I - a scroll of random uselessness {unknown}
Potions
 h - 2 potions of lignification {unknown}
 i - a potion of heal wounds {unknown}
 j - 2 potions of resistance {unknown}
 k - 2 potions of mutation
 l - a potion of flight {unknown}
 m - 5 potions of agility
 o - 7 potions of curing
 w - a potion of haste
 G - a potion of ambrosia {unknown}
 H - a potion of cure mutation
Books
 z - a book of Changes

   Spells                             Type                      Level
   a - Beastly Appendage              Transmutation                1
   b - Sticks to Snakes               Transmutation                2
   c - Spider Form                    Transmutation/Poison         3
   d - Ice Form                       Ice/Transmutation            4
   e - Blade Hands                    Transmutation                5
 E - Sif Muna's Reference Book on Displaced Evil
   (You found it on level 6 of the Dungeon)

   Spells                             Type                      Level
   a - Sublimation of Blood           Necromancy                   2
   b - Vampiric Draining              Necromancy                   3
   c - Force Lance                    Conjuration/Translocation    4
 J - a book of Frost

   Spells                             Type                      Level
   a - Freeze                         Ice                          1
   b - Throw Frost                    Conjuration/Ice              2
   c - Ozocubu's Armour               Charms/Ice                   3
   d - Throw Icicle                   Conjuration/Ice              4
   e - Summon Ice Beast               Ice/Summoning                4
Comestibles
 d - 3 chunks of flesh
 f - 5 bread rations
 n - 12 royal jellies
 v - 2 meat rations
 M - 4 fruits


   Skills:
 + Level 12.6 Fighting
 - Level 16.2 Axes
 - Level 1.7 Throwing
 - Level 2.4 Dodging


You had 10 spell levels left.
You didn't know any spells.

Dungeon Overview and Level Annotations

Branches:
Dungeon (9/15)             Temple (0/1) D:5
   Lair: D:8-11         Orc: D:9-12

Altars:
Cheibriados
Dithmenos
Zin
The Shining One

Shops:
D:8 =


Innate Abilities, Weirdness & Mutations

You have a pair of small antennae on your head.
You have sharp toenails.
You are partially covered in iridescent scales. (AC +2)
You are partially covered in thin metallic scales. (AC +2)
Your flesh is heat resistant. (rF+)
Your magical capacity is low. (-10% MP)
You are somewhat resistant to further mutation.
You occasionally shout uncontrollably at your foes.


Message History

You are too injured to fight recklessly!
You are too injured to fight recklessly!
You are too injured to fight recklessly!
You are too injured to fight recklessly!
You are too injured to fight recklessly!
You are too injured to fight recklessly!
You are too injured to fight recklessly!
You are too injured to fight recklessly!
You are too injured to fight recklessly!
You are too injured to fight recklessly!
You are too injured to fight recklessly!
You are too injured to fight recklessly!
Unknown command.
Okay, then.
Unknown command.
It was a potion of mutation.
You feel extremely strange.
You feel genetically stable. The orc wizard misses you.
The orc warrior hits you with a scimitar!
You die...

........#..........[.....
........#####...#'######.
.....÷......#...#......#
............#...#......#
#######..####...#......#
......#..#......#......#
......#..#......#......+
......#..#......########
.<....+..#.(...o@o......
##....#..#.....hoo......
.###(##..#.###.oo###....
.†(..(...#. #..... ...
.((......#.#....... .
.).......# #.......#
.........# .........
.........#..........
.........#


You could see a warg, an orc warrior, 2 orc priests, an orc wizard and 2 orcs.

Vanquished Creatures
  3 two-headed ogres (D:8)
  Pikel (D:7)
  The ghost of Vidiiot the Twirler, a novice BaWn of Cheibriados (D:5)
  A hornet (D:7)
  A hippogriff (D:8)
  A hungry ghost (D:7)
  2 sky beasts (D:8)
  4 orc warriors
  2 phantoms
  2 ice beasts
  4 slaves (D:7)
  An eye of draining (D:8)
  A necrophage (D:6)
  6 ogres
  3 centaurs
  2 crocodiles (D:8)
  2 elf zombies (Ossuary)
  The ghost of Torious the Conjurer, an amateur DECj (D:4)
  A big kobold (D:9)
  4 bullfrogs
  A wyvern skeleton (D:9)
  The ghost of Amnesiac the Chopper, a weakling HOMo (D:3)
  3 scorpions
  2 howler monkeys (D:4)
  A centaur zombie (D:5)
  4 crimson imps
  3 hounds
  An iron imp (D:6)
  5 jellies
  A human zombie (Ossuary)
  5 orc priests
  Crazy Yiuf (D:4)
  9 orc wizards
  3 bullfrog skeletons
  4 iguanas
  3 worker ants
  2 hound zombies (D:8)
  2 mummies (Ossuary)
  Robin (D:2)
  3 gnolls (D:4)
  7 adders
  5 oozes (D:8)
  An adder skeleton (D:8)
  An adder zombie (Ossuary)
  3 worms
  4 dart slugs
  6 leopard geckos
  27 orcs
  8 bats
  10 giant cockroaches
  15 goblins
  9 hobgoblins
  10 jackals
  15 kobolds
  8 quokkas
  2 ball pythons
  6 frilled lizards
  13 hobgoblin zombies (Ossuary)
  2 jackal zombies (Ossuary)
  9 kobold zombies (Ossuary)
  6 orc zombies (Ossuary)
  A quokka skeleton (D:5)
  7 rats
  3 rat zombies (Ossuary)
276 creatures vanquished.

Notes
Turn   | Place    | Note
-------+----------+-------------------------------------------
     0 | D:1      | Amnesiac the Hill Orc Gladiator began the quest for the Orb.
     0 | D:1      | Reached XP level 1. HP: 18/18 MP: 1/1
    47 | D:1      | Reached XP level 2. HP: 16/25 MP: 2/2
    52 | D:2      | Noticed Robin
    60 | D:2      | Found a shadowy altar of Dithmenos.
    68 | D:2      | Became a worshipper of Dithmenos the Shadowed
    90 | D:1      | Reached skill level 5 in Axes
   369 | D:1      | Reached XP level 3. HP: 31/31 MP: 3/3
   905 | D:2      | Found a faded altar of an unknown god.
   925 | D:2      | Reached XP level 4. HP: 35/38 MP: 4/4
  1124 | D:2      | Reached * piety under Dithmenos
  1145 | D:2      | Killed Robin
  1145 | D:2      | Reached skill level 6 in Axes
  1626 | D:3      | Noticed Amnesiac's ghost (weakling HOMo)
  1697 | D:2      | Reached XP level 5. HP: 20/46 MP: 5/5
  1934 | D:3      | Reached ** piety under Dithmenos
  2149 | D:3      | Killed Amnesiac's ghost
  2149 | D:3      | Reached skill level 7 in Axes
  2324 | D:3      | Reached XP level 6. HP: 51/53 MP: 6/6
  2617 | D:4      | Reached skill level 5 in Fighting
  2617 | D:4      | Reached skill level 8 in Axes
  2832 | D:4      | Found a runed door.
  2941 | D:4      | Reached XP level 7. HP: 59/61 MP: 7/7
  3144 | D:4      | Noticed Torious's ghost (amateur DECj)
  3151 | D:4      | Killed Torious's ghost
  3151 | D:4      | Reached skill level 9 in Axes
  3203 | D:4      | Reached *** piety under Dithmenos
  3411 | D:4      | Noticed Crazy Yiuf
  3417 | D:4      | Killed Crazy Yiuf
  3516 | D:5      | Entered Level 5 of the Dungeon
  3531 | D:5      | Noticed Vidiiot's ghost (novice BaWn)
  3591 | D:5      | Found a staircase to the Ecumenical Temple.
  3630 | D:5      | Reached XP level 8. HP: 61/71 MP: 8/8
  3679 | D:5      | Reached skill level 10 in Axes
  3757 | D:5      | Killed Vidiiot's ghost
  3997 | D:6      | Reached skill level 11 in Axes
  4536 | D:6      | Reached skill level 12 in Axes
  4557 | D:6      | Reached XP level 9. HP: 53/81 MP: 9/9
  4611 | D:6      | Found a glowing silver altar of Zin.
  4626 | D:6      | Identified Sif Muna's Reference Book on Displaced Evil
  4811 | D:6      | Found a glowing golden altar of the Shining One.
  4914 | D:6      | Found a snail-covered altar of Cheibriados.
  4967 | D:6      | Reached skill level 13 in Axes
  5395 | D:7      | Found a sand-covered staircase.
  5406 | Ossuary  | Entered an ossuary
  5417 | Ossuary  | Reached **** piety under Dithmenos
  5616 | Ossuary  | Reached ***** piety under Dithmenos
  5694 | D:7      | Noticed Pikel
  5711 | D:7      | Killed Pikel
  5711 | D:7      | Reached skill level 14 in Axes
  5759 | D:7      | Reached XP level 10. HP: 52/91 MP: 10/10
  5843 | D:7      | Reached skill level 10 in Fighting
  6132 | D:8      | Gained mutation: You have a pair of small antennae on your head. [mutagenic meat]
  6133 | D:8      | Gained mutation: You are partially covered in thin metallic scales. (AC +2) [mutagenic meat]
  6195 | D:8      | Reached skill level 15 in Axes
  6202 | D:8      | Gained mutation: You occasionally shout uncontrollably at your foes. [mutagenic meat]
  6210 | D:8      | Gained mutation: You have sharp toenails. [mutagenic meat]
  6211 | D:8      | Gained mutation: You are partially covered in iridescent scales. (AC +2) [mutagenic meat]
  6212 | D:8      | Gained mutation: Your flesh is heat resistant. (rF+) [mutagenic meat]
  6213 | D:8      | Gained mutation: Your magical capacity is low. (-10% MP) [mutagenic meat]
  6326 | D:8      | Noticed a two-headed ogre
  6634 | D:8      | Killed a two-headed ogre
  7012 | D:8      | Noticed a two-headed ogre
  7017 | D:8      | Killed a two-headed ogre
  7017 | D:8      | Reached skill level 16 in Axes
  7031 | D:8      | Noticed a two-headed ogre
  7051 | D:8      | Killed a two-headed ogre
  7051 | D:8      | Reached XP level 11. HP: 20/102 MP: 6/9
  7205 | D:8      | Found Immuk's Jewellery Shop.
  7360 | D:9      | Gained mutation: You are somewhat resistant to further mutation. [potion of mutation]
  7360 | D:9      | Slain by an orc warrior

Vault maps used:
D:1:      dpeg_arrival_boxorama
D:2:      grunt_dithmenos_smoke, chequers_ecumenical_altar_island, uniq_robin
D:4:      kennysheep_path_1, uniq_crazy_yiuf_cottage
D:5:      minmay_temple_entry_overgrown, first_bread, kennysheep_potato
D:6:      lemuel_doored_altar, lemuel_round_altar, chei_slow_surprise
D:7:      nicolae_ossuary_entry_monument, kennysheep_generic_room_13, uniq_pikel
D:8:      serial_shops, shop, hangedman_little_slice_of_home,
          minmay_misc_feat_four_crosses
D:9:      grunt_temple_overflow_open, xom_redecorated,
          erik_lair_orcish_takeover, zombieorc2_lemuel, uniq_erolcha, uniq_grum
Ossuary:  ossuary_tomb_1

Skill      XL: |  1  2  3  4  5  6  7  8  9 10 11 |
---------------+----------------------------------+-----
Fighting       | 3 4 5 6 8 9 11 12 | 12.6
Axes           | 5 6 7 8 9 12 14 16 | 16.2
Throwing       | |  1.7
Dodging        | |  2.4

Action                   |  1- 3 |  4- 6 |  7- 9 | 10-12 || total
-------------------------+-------+-------+-------+-------++-------
Melee: War axe           |    77 |   229 |   423 |   228 ||   957
Throw: Throwing net      |       |       |     3 |     3 ||     6
Evoke: Wand              |       |       |       |     2 ||     2
  Use: Scroll            |       |     2 |     2 |     2 ||     6
       Potion            |       |       |     2 |     1 ||     3
 Stab: Held in net/web   |       |       |       |     1 ||     1
  Eat: Chunk             |       |     7 |     7 |    15 ||    29
       Meat ration       |       |       |     1 |       ||     1
Armor: Leather armour    |    47 |       |       |       ||    47
       Ring mail         |     3 |    89 |    85 |    53 ||   230
Dodge: Dodged            |    78 |   190 |   209 |   124 ||   601
